[Event "Czech Extraliga 2024-25"]
[Site "Czechia"]
[Date "2024.11.01"]
[Round "9.1"]
[White "Delgerdalai, Bayarjavkhlan"]
[Black "Ter-Sahakyan, Samvel"]
[Result "0-1"]
[ECO "E35"]
[WhiteElo "2341"]
[BlackElo "2609"]
[Annotator "TA"]
[PlyCount "98"]
[EventDate "2024.09.12"]
[EventType "team-tourn"]
[EventCountry "CZE"]
[SourceTitle "playchess.com"]
[Source "ChessBase"]
[SourceQuality "1"]
[TimeControl "40/5400+30:1800+30"]

1. d4 Nf6 2. c4 e6 3. Nc3 Bb4 4. Qc2 d5 5. cxd5 exd5 6. Bg5 h6 7. Bxf6 Qxf6 8. a3 Bxc3+ 9. Qxc3 O-O 10. e3 Bf5 11. Nf3 Nd7 12. Rc1 c6 13. Be2 a5 {[%emt 0:05:11] The position is equal.} 14. O-O Qd6 15. Rfe1 a4 16. Nd2 Rfe8 17. Bd3 Bxd3 18. Qxd3 Re6 19. Nb1 Rae8 20. Nc3 b5 21. Na2 Nb6 22. Nb4 Nc4 23. Rc2 Qe7 (23... h5 {feels hotter.} 24. Qf5 Rf6 25. Qd3 Qd7) 24. Qd1 (24. Rce2 {is interesting.} Qg5 25. Qc2 Rg6 26. g3) 24... f5 25. Nd3 Qf6 26. Rce2 g5 27. Nc5 R6e7 28. Qd3 h5 29. f3 Nd6 30. Kh1 h4 31. Kg1 Kh8 32. Kh1 g4 33. Kg1 $2 {[%emt 0:00:35] White does not recover from this.} (33. f4 $17 {keeps fighting.}) 33... gxf3 $19 34. gxf3 Rg8+ 35. Kh1 Qg5 {[%emt 0:03:08] And now ...f4 would win.} 36. Qd1 {[%emt 0:01:06] [#]} Rxe3 $1 37. Rf2 $2 (37. Nd3 {is the only way for White.}) 37... Nc4 38. Nd3 (38. f4 {is a better defense.} Qg4 39. Nd3) 38... f4 39. Nb4 Qg6 40. Rg1 Qxg1+ 41. Qxg1 Rxg1+ 42. Kxg1 {[%emt 0:00:02][%mdl 4096] Endgame. KRN-KRN} Rb3 43. Nxc6 Nxb2 {[%emt 0:00:00][%cal Ob2d3] Strongly threatening ...Nd3!} 44. Ne7 $2 (44. Kg2) 44... b4 45. Nxd5 Nd3 46. Ra2 h3 47. Ra1 {[%emt 0:00:00] Prevents Rb1+.} bxa3 48. Kf1 {[%emt 0:00:00] [#]} a2 $1 {[%emt 0:00:00][%mdl 512] ( -> ...Rb1+)} 49. Ke2 Rb1 {[%emt 0:00:00] Weighted Error Value: White=0.59/Black=0.24 (precise) .  Loses game:     	White=1     	---        Mistake:       	White=3     	---        Inaccurate:     	White=4     	Black=1      OK:         	White=10    	Black=16     Best:        	White=1     	Black=2      Strong:       	---       	Black=1} 0-1

[Event "Czech Extraliga 2024-25"]
[Site "Czechia"]
[Date "2024.11.01"]
[Round "9.2"]
[White "Hracek, Zbynek"]
[Black "Gloser, David"]
[Result "1/2-1/2"]
[ECO "C79"]
[WhiteElo "2541"]
[BlackElo "2329"]
[Annotator "TA"]
[PlyCount "82"]
[EventDate "2024.09.12"]
[EventType "team-tourn"]
[EventCountry "CZE"]
[SourceTitle "playchess.com"]
[Source "ChessBase"]
[SourceQuality "1"]
[TimeControl "40/5400+30:1800+30"]

1. e4 e5 2. Nf3 Nc6 3. Bb5 a6 4. Ba4 Nf6 5. O-O d6 6. Re1 Bd7 7. Bxc6 Bxc6 8. Nc3 Be7 9. d4 exd4 10. Nxd4 O-O 11. Bf4 Nd7 12. Qf3 Bf6 13. Nxc6 {[%emt 0:00:21] The position is equal.} bxc6 14. Rad1 Re8 15. b3 Qb8 16. Bd2 Qb7 17. Qd3 Re7 18. f3 Rae8 19. Be3 Bh4 20. g3 Bf6 {[%emt 0:01:15] Threatens to win with ...Ne5.} 21. Kg2 h6 22. Bf2 Ne5 23. Qd2 Nd7 24. Na4 Kh8 25. c4 c5 26. Qd5 Qxd5 27. exd5 Nb6 28. Rxe7 Rxe7 29. Nxb6 cxb6 30. Re1 {[%emt 0:00:04] Against Re2} Rxe1 31. Bxe1 $11 {[%emt 0:00:04][%mdl 4096] Endgame. KB-KB} a5 (31... g5 $11 {keeps the balance.}) 32. g4 $16 Be5 33. Bd2 Kg8 34. h4 f6 (34... Kf8 $16 {might work better.}) 35. h5 $18 Kf7 {[%emt 0:01:10] [#]} 36. f4 ({Better is} 36. Kh3 $1 $18) 36... Bb2 $16 {[%emt 0:01:37][%cal Of6f5] White is better.} 37. Kf3 {[%emt 0:00:03] Strongly threatening Ke4.} f5 38. gxf5 {[%emt 0:01:17][%cal Of5f6] f6! is the strong threat.} Bf6 39. Ke4 Ke7 40. Kd3 Kd7 41. Bc3 Kc7 {[%emt 0:04:41] Weighted Error Value: White=0.06 (flawless) /Black=0.11 (very precise) .  Mistake:       	White=1     	Black=2      Inaccurate:     	White=1     	Black=2      OK:         	White=16    	Black=12     Best:        	---       	Black=1} 1/2-1/2

[Event "Czech Extraliga 2024-25"]
[Site "Czechia"]
[Date "2024.11.01"]
[Round "9.3"]
[White "Cerveny, Petr"]
[Black "Nemec, Jachym"]
[Result "1-0"]
[ECO "D02"]
[WhiteElo "2279"]
[BlackElo "2398"]
[Annotator "TA"]
[PlyCount "75"]
[EventDate "2024.09.12"]
[EventType "team-tourn"]
[EventCountry "CZE"]
[SourceTitle "playchess.com"]
[Source "ChessBase"]
[SourceQuality "1"]
[TimeControl "40/5400+30:1800+30"]

1. d4 Nf6 2. Nf3 d5 3. Bf4 c5 4. e3 Nc6 5. Nbd2 g6 6. dxc5 Qa5 7. a3 Qxc5 8. c4 {[%emt 0:00:35] The position is equal.} Bg7 9. b4 Qb6 10. c5 Qd8 11. b5 Na5 12. Be5 O-O 13. Be2 Bg4 14. h3 Bxf3 15. Bxf3 (15. Nxf3 $11 {keeps the balance.} Nc4 16. Bxc4 dxc4 17. Qa4) 15... Rc8 $17 16. Rc1 Nd7 $1 17. Bxg7 Kxg7 18. Qa4 Kg8 (18... Rxc5 $2 19. Rxc5 Nxc5 20. Qd4+ Kg8 21. Qxc5 $18) ({Black should play} 18... Nc4 $1 $17 19. c6 (19. Bxd5 $2 Nxc5 20. Qxc4 Nd3+ 21. Qxd3 Rxc1+ 22. Ke2 Rxh1 $19) 19... Ndb6) 19. Qb4 $36 {[%emt 0:02:08][%mdl 2048] White has the initiative.} Nc4 20. Nxc4 $16 (20. Bxd5 Nxc5 21. Ke2 (21. Bxc4 $2 Nd3+ 22. Bxd3 Rxc1+ 23. Ke2 Rxh1 $19) 21... Nxe3 (21... Qxd5 22. Qxc4 Qg5 23. a4 $11) 22. Bxf7+ Rxf7 $17) 20... Rxc5 {[%emt 0:00:05] [#]} 21. O-O $1 Rxc4 (21... Qc7 22. Bxd5) 22. Rxc4 dxc4 23. Bxb7 {[%emt 0:07:34] White is much more active.} ({Better is} 23. Rd1 $1 $16 {[%cal Ob4d2] Black must now prevent Qd2!} Qc8 24. Qxe7) 23... Qc7 $11 24. Bd5 Ne5 25. f4 Rd8 26. Bc6 Nxc6 27. Qxc4 Qb6 28. bxc6 {[%emt 0:00:41][%mdl 4096] Endgame. Hoping for Kf2. KQR-KQR} Rc8 (28... Qxe3+ $6 29. Kh2 Rc8 30. Rd1 $14) 29. Rc1 {[%emt 0:01:47] Rc3 is the strong threat.} Qxe3+ 30. Kh2 Qxa3 31. Rd1 $1 {[%emt 0:00:59] Prevents Qd6.} Qa5 {[%emt 0:04:26][%mdl 8192] Repels c7} (31... Qe3 $11) 32. Rd7 $18 Qf5 {[%emt 0:00:15] [#]} (32... g5 $142 33. c7 (33. Rxe7 Qf5 $18) 33... h6) 33. Qd4 $1 (33. Rxe7 Qf6 34. Rxa7 Rxc6 $11) 33... Qf6 {[%emt 0:04:49] [#]} 34. Rd8+ $1 (34. Qxa7 Rxc6 35. Qd4 Qxd4 36. Rxd4 Rc2 $17) ({Inferior is} 34. Qxf6 exf6 35. Rxa7 Rxc6 $15) 34... Rxd8 35. Qxd8+ Kg7 36. Qc7 {[%emt 0:02:32][%cal Oc7e5] Intending Qe5! and mate.} Kh6 37. Qb8 $1 g5 38. Qe5 {[%emt 0:01:02] Weighted Error Value: White=0.14 (very precise) /Black=0.64.  Loses game:     	---       	Black=1      Mistake:       	White=2     	Black=3      Inaccurate:     	White=2     	Black=2      OK:         	White=12    	Black=13     Best:        	White=3     	Black=3      Strong:       	White=2     	Black=1} ({Stronger than} 38. Qxa7 Qxf4+ 39. Kh1 Qc1+ 40. Kh2 Qxc6 41. Qxe7 Qe6 42. Qf8+ Kh5 $15) 1-0

[Event "Czech Extraliga 2024-25"]
[Site "Czechia"]
[Date "2024.11.01"]
[Round "9.4"]
[White "Shagbazyan, Taron"]
[Black "Brozka, Karel"]
[Result "1-0"]
[ECO "E49"]
[WhiteElo "2417"]
[BlackElo "2188"]
[Annotator "TA"]
[PlyCount "67"]
[EventDate "2024.09.12"]
[EventType "team-tourn"]
[EventCountry "CZE"]
[SourceTitle "playchess.com"]
[Source "ChessBase"]
[SourceQuality "1"]
[TimeControl "40/5400+30:1800+30"]

1. d4 Nf6 2. c4 e6 3. Nc3 Bb4 4. e3 O-O 5. Bd3 d5 6. a3 Bxc3+ 7. bxc3 b6 8. cxd5 exd5 9. Ne2 c5 10. O-O Ba6 11. Bxa6 Nxa6 12. f3 Re8 13. Ra2 Qd7 14. Ng3 Nc7 15. Re2 {[%emt 0:00:00] The position is equal.} Rad8 16. Bb2 Nb5 17. Qd3 Nd6 18. e4 Qb5 (18... h5 $1 $11 {is superior.}) 19. Qxb5 $14 Nxb5 20. e5 Nd7 21. a4 Nc7 22. f4 f6 23. Nf5 $36 {[%emt 0:00:00][%mdl 2048] White has the initiative.} g6 24. Nd6 Re6 25. g4 {[%emt 0:00:00] Threatens to win with f5.} Re7 {[%emt 0:00:00] [#]} (25... fxe5 $142 26. fxe5 (26. dxe5 g5 $14) 26... Rf8) 26. f5 $1 $16 {[%emt 0:00:00] White has more active pieces.} fxe5 {[%emt 0:00:00] [#]} 27. Bc1 $1 {[%emt 0:00:00] Strongly threatening Bg5.} Nf6 $2 (27... Ra8 28. f6 (28. Bg5 Rg7 $18) 28... Re6) 28. dxe5 $18 {[%emt 0:00:00][%cal Bd4e5,Be5d6,Bd6c7][%mdl 32] White is clearly winning.} Rxd6 29. exd6 Rxe2 30. dxc7 {[%emt 0:00:00] KRB-KRN} Re8 31. fxg6 Kg7 {[%emt 0:00:40] Against Bh6+} 32. Bg5 Ne4 33. Bd8 Nd6 {[%emt 0:00:04] [#]} 34. Rf7+ $1 {[%emt 0:00:00][%mdl 512] Weighted Error Value: White=0.01 (flawless) /Black=0.46.  Mistake:       	---       	Black=3      Inaccurate:     	---       	Black=2      OK:         	White=7     	Black=6      Best:        	White=2     	---        Strong:       	White=2     	---} 1-0

[Event "Czech Extraliga 2024-25"]
[Site "Czechia"]
[Date "2024.11.02"]
[Round "9.5"]
[White "Riha, Vojtech"]
[Black "Jirovsky, Milos"]
[Result "1/2-1/2"]
[ECO "B01"]
[WhiteElo "2261"]
[BlackElo "2430"]
[Annotator "RC"]
[PlyCount "145"]
[EventDate "2024.09.12"]
[EventType "team-tourn"]
[EventCountry "CZE"]
[SourceTitle "playchess.com"]
[Source "ChessBase"]
[SourceQuality "1"]
[TimeControl "40/5400+30:1800+30"]

1. e4 d5 2. exd5 Qxd5 3. Nc3 Qd6 4. d4 Nf6 5. Nf3 c6 6. Bd3 Bg4 7. Be3 Nbd7 8. h3 Bh5 9. O-O e6 10. Re1 Qc7 11. Ne4 Be7 12. Ng3 Bg6 13. c4 O-O 14. Ng5 Bxd3 15. Qxd3 Rfd8 16. Rad1 h6 17. N5e4 Nxe4 18. Qxe4 Nf6 19. Qf3 Rd7 20. b3 Rad8 21. Bf4 Qa5 22. Be5 Ne8 23. Nh5 g6 24. Nf4 Bb4 25. Re2 Bf8 26. d5 exd5 27. cxd5 Bg7 28. Bxg7 Kxg7 29. Red2 Nf6 30. d6 Qe5 31. Re2 Qc5 32. Re6 Rxd6 33. Rdxd6 Rxd6 34. Nd3 Qd4 35. Rxd6 Qxd6 36. Qe3 b6 37. g3 Nd7 38. h4 Nf8 39. Ne5 c5 40. Nc4 Qd1+ 41. Kh2 Qa1 42. Nd6 Qd4 43. Ne8+ Kg8 44. Qe7 Qxf2+ 45. Kh3 Qf5+ 46. Kh2 Ne6 47. Nf6+ Kg7 48. Ne8+ Kh8 49. Nf6 Qf2+ 50. Kh1 Qe1+ 51. Kh2 Qe2+ 52. Kh1 Qd1+ 53. Kh2 Qc2+ 54. Kh1 Qb1+ 55. Kh2 Qc2+ 56. Kh1 Qd1+ 57. Kh2 Qe2+ 58. Kh1 Qf1+ 59. Kh2 Qf2+ 60. Kh1 Qxg3 61. Qxf7 Qxh4+ 62. Kg1 Qe1+ 63. Kh2 Qe5+ 64. Kh1 Qa1+ 65. Kh2 Qxa2+ 66. Kh1 Qb1+ 67. Kh2 Qc2+ 68. Kh1 Qd1+ 69. Kh2 Qd6+ 70. Kg1 Qg3+ 71. Kh1 Qh3+ 72. Kg1 Qg3+ 73. Kh1 1/2-1/2

[Event "Czech Extraliga 2024-25"]
[Site "Czechia"]
[Date "2024.11.02"]
[Round "9.6"]
[White "Jares, Michal"]
[Black "Lihotsky, Lukas"]
[Result "1/2-1/2"]
[ECO "E03"]
[WhiteElo "2285"]
[BlackElo "2076"]
[Annotator "RC"]
[PlyCount "377"]
[EventDate "2024.09.12"]
[EventType "team-tourn"]
[EventCountry "CZE"]
[SourceTitle "playchess.com"]
[Source "ChessBase"]
[SourceQuality "1"]
[TimeControl "40/5400+30:1800+30"]

1. Nf3 d5 2. g3 Nd7 3. c4 dxc4 4. Qa4 a6 5. Qxc4 b5 6. Qc2 Bb7 7. d4 Ngf6 8. Bg2 e6 9. O-O c5 10. Bg5 Rc8 11. Qd1 h6 12. Bxf6 Nxf6 13. e3 cxd4 14. Nxd4 Bxg2 15. Kxg2 Bc5 16. Nb3 Qb6 17. Qf3 O-O 18. Nc3 Bb4 19. Ne4 Nxe4 20. Qxe4 Be7 21. Rfd1 Bf6 22. Rd2 Rfd8 23. Rxd8+ Rxd8 24. Qc2 Qb7+ 25. Kg1 Qd5 26. Rc1 Qd3 27. Qxd3 Rxd3 28. Rc6 Rd1+ 29. Kg2 Bxb2 30. Rxa6 b4 31. Ra8+ Kh7 32. Ra7 Kg8 33. Ra8+ Kh7 34. Ra7 Kg8 35. h4 g6 36. Kf3 Bc3 37. Nc5 Rd5 38. Nb3 Rd1 39. Nc5 Rd5 40. Ra8+ Kg7 41. Nb3 Rd1 42. Nc5 Rd5 43. Ne4 Bb2 44. Ke2 Rd7 45. Nc5 Rd5 46. Nb3 Bc3 47. Ra7 Rd8 48. Ra5 Rd7 49. Ra6 Rd5 50. Ra7 Rd8 51. Nc5 Rd2+ 52. Kf3 Kg8 53. Ne4 Rd5 54. a3 Rb5 55. axb4 Bxb4 56. g4 Rb8 57. g5 h5 58. Nf6+ Kg7 59. Ne4 Rd8 60. Rb7 Ba3 61. Kg2 Kg8 62. Nf6+ Kg7 63. Nd7 Bd6 64. Kf3 Kg8 65. Ra7 Kg7 66. Nf6 Be5 67. Ne4 Bd6 68. Rb7 Ba3 69. Nc3 Bc5 70. Ne2 Kg8 71. Rb5 Bd6 72. Nd4 Ba3 73. Rb7 Bd6 74. Kg2 Ba3 75. Nc6 Rc8 76. Ne5 Rf8 77. Kf3 Bd6 78. Nc4 Rd8 79. Ke4 Bc5 80. Ne5 Rf8 81. Nd7 Rc8 82. Ke5 Be7 83. Nf6+ Kf8 84. Ne4 Ra8 85. Rb5 Rc8 86. Rb7 Ra8 87. Nf6 Ra5+ 88. Ke4 Ra4+ 89. Ke5 Ra5+ 90. Ke4 Ra4+ 91. Kf3 Ra8 92. Nd7+ Ke8 93. Ne5 Rc8 94. Kg2 Kf8 95. f4 Ke8 96. Kf3 Kf8 97. Rd7 Ke8 98. Rd3 Kf8 99. Kg3 Ke8 100. Rb3 Bd6 101. Nf3 Ke7 102. Rb7+ Ke8 103. Nd4 Bc5 104. Nc2 Be7 105. Nd4 Bc5 106. Nc2 Be7 107. Rb2 Bc5 108. Kf3 Be7 109. Nd4 Bd6 110. Rb7 Bc5 111. Ne2 Be7 112. e4 Rd8 113. Rb3 Ra8 114. f5 exf5 115. exf5 Ra3 116. Rxa3 Bxa3 117. Nf4 gxf5 118. Nxh5 Bd6 119. Ng7+ Kf8 120. Nxf5 Ba3 121. Kg4 Kg8 122. h5 Kh7 123. Ng3 Bb2 124. Kf5 Kg7 125. Ne4 Kg8 126. Nf6+ Kg7 127. Ng4 Kg8 128. Ne5 Kg7 129. Nd3 Bc3 130. Nf4 Bb2 131. Nd5 Kg8 132. Nc7 Kg7 133. Ne8+ Kf8 134. Nf6 Kg7 135. Ne4 Kg8 136. Kg4 Kg7 137. Ng3 Bc3 138. Nf1 Bb2 139. Ne3 Bc3 140. Nc4 Bd4 141. Kf5 Bc3 142. Nb6 Bb2 143. Nd7 Bc3 144. h6+ Kg8 145. g6 fxg6+ 146. Kxg6 Kh8 147. h7 Bd4 148. Nf8 Bf6 149. Ne6 Bh4 150. Ng7 Bg5 151. Nf5 Bf4 152. Nd4 Be5 153. Nf3 Bf6 154. Nh2 Be5 155. Ng4 Bg7 156. Ne3 Be5 157. Nd5 Bd4 158. Ne7 Be5 159. Nf5 Bf4 160. Ng7 Bg5 161. Nh5 Bf6 162. Nf4 Be5 163. Nd3 Bd6 164. Ne1 Be5 165. Ng2 Bd4 166. Nh4 Be5 167. Nf3 Bf6 168. Ng1 Bd4 169. Ne2 Be5 170. Nc1 Bf4 171. Nb3 Be3 172. Na5 Bb6 173. Nc6 Bc7 174. Nd4 Be5 175. Ne6 Bf6 176. Nc5 Bd8 177. Nd7 Bf6 178. Nb6 Be5 179. Nc4 Bc7 180. Nd2 Be5 181. Ne4 Bf4 182. Nf6 Be5 183. Ng4 Bg7 184. Nf2 Be5 185. Nh3 Bf6 186. Nf4 Be5 187. Ng2 Bd4 188. Nh4 Be5 189. Nf3 1/2-1/2

[Event "Czech Extraliga 2024-25"]
[Site "Czechia"]
[Date "2024.11.02"]
[Round "9.7"]
[White "Varejcko, Josef"]
[Black "Vrana, Jan"]
[Result "0-1"]
[ECO "A46"]
[WhiteElo "2105"]
[BlackElo "2348"]
[Annotator "RC"]
[PlyCount "90"]
[EventDate "2024.09.12"]
[EventType "team-tourn"]
[EventCountry "CZE"]
[SourceTitle "playchess.com"]
[Source "ChessBase"]
[SourceQuality "1"]
[TimeControl "40/5400+30:1800+30"]

1. d4 Nf6 2. g3 d5 3. Bg2 e6 4. Nf3 b5 5. c3 Be7 6. O-O O-O 7. a4 b4 8. Ne5 Nfd7 9. f4 Nxe5 10. fxe5 c5 11. Nd2 Nc6 12. Nf3 Ba6 13. Re1 Qa5 14. Bd2 Rad8 15. Kh1 Bc4 16. cxb4 Nxb4 17. b3 Ba6 18. Rc1 cxd4 19. Nxd4 Qb6 20. Be3 Qb8 21. Nc6 Nxc6 22. Rxc6 Bb7 23. Rc2 d4 24. Bxd4 Bxg2+ 25. Kxg2 Qxb3 26. e3 Bb4 27. Rf1 Qxa4 28. Qb1 a5 29. Rc7 Rd7 30. Rc4 Qb5 31. Rfc1 Qd5+ 32. Kg1 h5 33. Qc2 Ra8 34. Qe2 g6 35. g4 hxg4 36. Qxg4 Kg7 37. Qf4 Be7 38. e4 Qb5 39. Be3 Rad8 40. Rc7 Rxc7 41. Rxc7 Qe2 42. Qf2 Rd1+ 43. Kg2 Qg4+ 44. Qg3 Qxe4+ 45. Kh3 Qf5+ 0-1